[Event "*** Biggest EVER Titled Tuesday"]
[Site "Chess.com"]
[Date "2018.04.17"]
[Round "6"]
[White "GMVallejo"]
[Black "Rakhmanov_Aleksandr"]
[Result "0-1"]
[WhiteElo "2754"]
[BlackElo "2663"]
[TimeControl "180+2"]
[EndTime "14:23:57 PDT"]
[Termination "Rakhmanov_Aleksandr won on time"]

1. e4 c5 2. Nf3 Nf6 3. Nc3 d5 4. exd5 Nxd5 5. Bb5+ Bd7 6. Qe2 Nb4 7. Bxd7+ Qxd7 8. d3 N8c6 9. a3 Nd5 10. O-O e6 11. Ne4 Be7 12. c4 Nf6 13. Rd1 b6 14. b3 O-O 15. Bb2 Nxe4 16. dxe4 Qc7 17. g3 Rad8 18.
h4 Rxd1+ 19. Rxd1 Rd8 20. Bc3 h6 21. Rxd8+ Qxd8 22. e5 h5 23. Kg2 g6 24. Qe4 Qd7 25.
Ne1 Bd8 26. Nd3 Ne7 27. b4 cxb4 28. axb4 a6 29. Bd2 Qc6 30. Kf3 Kf8 31. Qxc6 Nxc6 32. Ke4 Ke8 33. Bc3 Be7 34. f3 Kd7 35. Be1 b5 36. cxb5 axb5 37. g4 Bf8 38. gxh5 gxh5 39. Nf4 Bxb4 40. Bxb4 Nxb4 41. Nxh5 Ke7 42. Nf6 Kf8 43.
Kf4 Nd3+ 44. Ke4 Ne1 45. f4 b4 0-1

[Event "*** Biggest EVER Titled Tuesday"]
[Site "Chess.com"]
[Date "2018.04.17"]
[Round "6"]
[White "cheese111"]
[Black "DiogenesSinopeus"]
[Result "1-0"]
[WhiteElo "2424"]
[BlackElo "2412"]
[TimeControl "180+2"]
[EndTime "14:23:58 PDT"]
[Termination "cheese111 won by resignation"]

1. e4 e5 2. Nf3 Nc6 3. Bc4 Nf6 4. d3 Bc5 5. O-O a6 6. c3 Ba7 7. Re1 O-O 8. h3 d6 9. Bb3 Be6 10. Nbd2 Bxb3 11. Qxb3 Qd7 12. Nf1 Rfe8 13. Be3 d5 14.
Bg5 dxe4 15. dxe4 Qe6 16. Rad1 h6 17. Bxf6 Qxf6 18. Rd7 Bb6 19. Red1 Rad8 20. Ng3 g6 21. h4 h5 22. a4 a5 23. Qc4 Rxd7 24. Rxd7 Rd8 25.
Rd5 Re8 26. Ne2 Re6 27. Nc1 Ne7 28. Rd8+ Kg7 29. Nd3 Rc6 30. Qb5 Rd6 31. Rxd6 Qxd6 32. Qxe5+ Qxe5 33. Nfxe5 Nc8 34. Nc4 Kf6 35. Kf1 Ke6 36.
Ke2 c6 37. Nxb6 Nxb6 38. Nc5+ Ke5 39. b3 Nc8 40. Nxb7 Kxe4 41. Nxa5 Ne7 42. Nc4 Kd5 43. Ne3+ Kc5 44. Kd3 Nc8 45. b4+ Kb6 46. Kd4 Ne7 47.
Ke5 Ng8 48. Kd6 Nf6 49. f3 Nh7 50. Ke7 g5 51. Kxf7 gxh4 52. f4 Kc7 53. Kg7 1-0

[Event "*** Biggest EVER Titled Tuesday"]
[Site "Chess.com"]
[Date "2018.04.17"]
[Round "6"]
[White "Shant_Sargsyan"]
[Black "GMKrikor"]
[Result "1-0"]
[WhiteElo "2804"]
[BlackElo "2619"]
[TimeControl "180+2"]
[EndTime "14:23:59 PDT"]
[Termination "Shant_Sargsyan won by resignation"]

1. d4 Nf6 2. c4 e6 3. Nf3 d5 4.
Nc3 Bb4 5. Bg5 h6 6. Bxf6 Qxf6 7. e3 O-O 8. Qb3 c5 9. cxd5 exd5 10. dxc5 Bxc3+ 11. Qxc3 Qxc3+ 12. bxc3 Nd7 13. Rd1 Nxc5 14. Rxd5 b6 15.
Rd4 Be6 16. Bc4 Rfc8 17. Kd2 Rc7 18. Bxe6 Nxe6 19. Rb4 Rc5 20. Nd4 Ra5 21. Ra1 Nc5 22. f3 Rc8 23. a4 Rd8 24. Kc2 Rc8 25. Rb5 Ra6 26. Rb4 Ra5 27. e4 g6 28. Nb3 Nxb3 29.
Kxb3 Rac5 30. Rc1 Rd8 31. Rb5 Rc6 32. Rd5 Rdc8 33. c4 Kg7 34. Kb4 Kf6 35. a5 bxa5+ 36. Rxa5 a6 37. c5 Rb8+ 38. Kc4 Rb2 39. Kd5 Rc8 40.
Rxa6+ Kg5 41. c6 Rxg2 42. c7 Rxh2 43. Kc6 Rf2 44. Kd7 Rxc7+ 45. Rxc7 Rxf3 46. Ke7 f5 47. Rcc6 fxe4 48. Rxg6+ Kf4 49. Raf6+ Ke3 50. Ra6 Kf2 51. Ra2+ Ke3 52. Rxh6 Kf4 53. Rf6+ Kg4 54. Rg2+ Kh3 55. Re2 1-0

[Event "*** Biggest EVER Titled Tuesday"]
[Site "Chess.com"]
[Date "2018.04.17"]
[Round "6"]
[White "AlexTriapishko"]
[Black "MITerryble"]
[Result "0-1"]
[WhiteElo "2687"]
[BlackElo "2664"]
[TimeControl "180+2"]
[EndTime "14:24:01 PDT"]
[Termination "MITerryble won on time"]

1. e4 e6 2. d4 d5 3. Bd3 dxe4 4. Bxe4 Nf6 5. Bf3 Nbd7 6. Nc3 e5 7. Nge2 Bd6 8. Bg5 h6 9. Bh4 O-O 10. Bg3 Re8 11. dxe5 Nxe5 12. Bxe5 Bxe5 13. O-O c6 14. Ng3 Qb6 15. Qc1 Be6 16. Re1 Bd4 17. Nd1 Bg4 18.
Rxe8+ Rxe8 19. Qd2 Bxf3 20. gxf3 Nd5 21. c3 Be5 22. Ne3 Nxe3 23. Qxe3 Qxb2 24. Re1 Re6 25. Qxa7 Bxg3 26. Rxe6 Bxf2+ 27. Qxf2 Qxf2+ 28. Kxf2 fxe6 29. Ke3 Kf7 30. Kd4 b6 31. Ke5 Ke7 32. h4 b5 33. f4 g6 34. c4 bxc4 35. Kd4 e5+ 36. fxe5 g5 37. hxg5 hxg5 38. Kxc4 g4 39. Kd3 Ke6 40. Ke4 c5 41. a4 c4 42. a5 g3 43. Kf3 c3 0-1

[Event "*** Biggest EVER Titled Tuesday"]
[Site "Chess.com"]
[Date "2018.04.17"]
[Round "6"]
[White "sergeikim"]
[Black "vovachesss"]
[Result "0-1"]
[WhiteElo "2446"]
[BlackElo "2367"]
[TimeControl "180+2"]
[EndTime "14:24:16 PDT"]
[Termination "vovachesss won by resignation"]

1. d4 Nf6 2. c4 e6 3. Nc3 Bb4 4. Qc2 O-O 5. a3 Bxc3+ 6. Qxc3 b6 7. Nf3 Bb7 8. g3 d6 9. Bg2 Nbd7 10. O-O Qe7 11. b3 e5 12. d5 a5 13. Bb2 Nc5 14.
Nh4 Bc8 15. Qc2 g5 16. Nf5 Qd7 17. Ne3 a4 18. b4 Nb3 19. Rad1 Re8 20. Qc3 Ng4 21.
Nxg4 Qxg4 22. f4 gxf4 23. Rxf4 Qg7 24. e3 Bg4 25. Rdf1 Bh5 26. R4f2 Rf8 27. Bh3 Kh8 28. Bf5 Qg5 29. Bc1 Nxc1 30. Rxc1 Bg6 31. Rcf1 Kg7 32. e4 h5 33. h4 Qe7 34. Kg2 Rg8 35. c5 dxc5 36.
bxc5 bxc5 37. Bxg6 Kxg6 38. Rxf7 Qxf7 39. Rxf7 Kxf7 40.
Qxe5 Rab8 41. Qxc7+ Kf6 42. Qxc5 Rb3 43. Qd6+ Kf7 44. Qf4+ Ke7 45. e5 Rxa3 46. e6 Rgxg3+ 47. Kh2 Rh3+ 48. Kg2 Rag3+ 49. Kf2 Rf3+ 50. Qxf3 Rxf3+ 51. Kxf3 a3 52. Ke4 a2 0-1

[Event "*** Biggest EVER Titled Tuesday"]
[Site "Chess.com"]
[Date "2018.04.17"]
[Round "6"]
[White "pKiLz5Rn9b"]
[Black "Oleksandr_Bortnyk"]
[Result "0-1"]
[WhiteElo "2634"]
[BlackElo "2798"]
[TimeControl "180+2"]
[EndTime "14:24:20 PDT"]
[Termination "Oleksandr_Bortnyk won by resignation"]

1. b3 d5 2. Bb2 Bf5 3. Nf3 e6 4. g3 h6 5. Bg2 Nf6 6. O-O Be7 7.
c4 c6 8. d4 O-O 9. Nfd2 Bh7 10. Nc3 a5 11. a3 Qb6 12. Rc1 Qxd4 13. cxd5 Qg4 14. e4 Qxd1 15. Rfxd1 Ng4 16. Nc4 Bc5 17. Rd2 b5 18. dxc6 bxc4 19. c7 Na6 20. Nb5 cxb3 21.
e5 Rac8 22. Bb7 Nxf2 23. Rxc5 Nxc5 24. Bxc8 Nfd3 25. Nd6 Nxb2 26. Rxb2 Bc2 27. Bb7 Nd3 28. Rxb3 Bxb3 29. c8=Q Rxc8 30. Bxc8 Nxe5 31. Ba6 Kf8 32. Bb5 a4 33. Kf2 Ke7 34. Nc8+ Kd8 35. Nb6 Ke7 36. Ke3 g5 37. Ke4 Ng4 38. h4 f5+ 39. Kd3 f4 40. hxg5 fxg3 41. Bc6 hxg5 42. Ke2 Kd6 43. Bf3 Ne5 44.
Be4 Kc5 45. Nc8 Bd5 46. Bc2 Ng4 47. Kf1 Ne3+ 48. Kg1 Nxc2 49. Ne7 Nxa3 50. Ng6 Nc4 51. Ne5 Nxe5 0-1

[Event "*** Biggest EVER Titled Tuesday"]
[Site "Chess.com"]
[Date "2018.04.17"]
[Round "6"]
[White "ViktorMatviishen"]
[Black "Robert_Chessmood"]
[Result "0-1"]
[WhiteElo "2521"]
[BlackElo "2750"]
[TimeControl "180+2"]
[EndTime "14:24:30 PDT"]
[Termination "Robert_Chessmood won by resignation"]

1. d4 Nf6 2. c4 e6 3. Nf3 Bb4+ 4. Nbd2 O-O 5. g3 d5 6. Qc2 dxc4 7. Qxc4 a5 8. Bg2 b6 9. a3 Be7 10. Ne5 Ra7 11. Ndf3 Bb7 12. O-O Bd5 13. Qc2 Be4 14. Qa4 c5 15. Rd1 Qe8 16. Qb3 Nbd7 17. Nxd7 Nxd7 18.
Be3 a4 19. Qc4 Qa8 20. dxc5 Bxc5 21. Bxc5 Nxc5 22. Rd6 Qb8 23. Rad1 Bd5 24. Qf4 Ne4 25. R6xd5 exd5 26. Ne5 Nf6 27. Qd4 Qc7 28. g4 Qc5 29.
Qxc5 bxc5 30. g5 Ne4 31. Rxd5 Nxg5 32. Nc6 Rb7 33. Rxg5 Rxb2 34. Bd5 Rxe2 35. Rg4 Rd2 36. Rxa4 Re8 37. Ra7 Kh8 38. Bxf7 Rf8 39. Ne5 Re2 40.
Nd7 Re7 41. Nxf8 Rxa7 42. Bd5 Rxa3 43. Ne6 g6 44. Kg2 Rc3 45. f3 c4 46. Kg3 Rc1 47. Be4 c3 48. Kf4 Kg8 49. Ke5 Kf7 50. Nd4 Rh1 51.
Bd5+ Kg7 52. Ne6+ Kh6 53. Be4 Rxh2 54. Nd4 Rb2 55. f4 Kh5 56. Kf6 Kg4 57. Kg7 Kxf4 0-1

[Event "*** Biggest EVER Titled Tuesday"]
[Site "Chess.com"]
[Date "2018.04.17"]
[Round "6"]
[White "ShimanovAlex"]
[Black "FairChess_on_YouTube"]
[Result "0-1"]
[WhiteElo "2726"]
[BlackElo "2897"]
[TimeControl "180+2"]
[EndTime "14:24:32 PDT"]
[Termination "FairChess_on_YouTube won on time"]

1. d4 Nf6 2. Nf3 d5 3. Bf4 g6 4.
e3 Bg7 5. c4 c5 6. dxc5 Qa5+ 7.
Qd2 Qxc5 8. Nc3 dxc4 9. Qd4 Nbd7 10. Qxc5 Nxc5 11. Bxc4 O-O 12. Rc1 Be6 13. Bxe6 Nd3+ 14. Kd2 Rad8 15. Bc7 fxe6 16. Bxd8 Rxd8 17. Ke2 Nxc1+ 18.
Rxc1 Rc8 19. Rd1 Nd5 20. Nxd5 exd5 21. Rxd5 Rc2+ 22. Rd2 Rxb2 23. Rxb2 Bxb2 24. Kd3 Bf6 25. a4 Kf7 26. Kc4 Ke6 27. Nd2 Kd6 28. Nb3 Kc6 29. Na5+ Kb6 30. Nb3 Kc6 31. Na5+ Kc7 32. Kd5 b6 33. Nb3 Kd7 34. e4 e6+ 35. Kc4 Kc6 36. g4 a6 37. h3 b5+ 38. axb5+ axb5+ 39. Kd3 g5 40. f3 Kd6 41. Ke3 Be5 42. Kd3 h6 43.
Ke3 Bh2 44. Kd3 Bg1 45. Ke2 Ke5 46. Kf1 Bb6 47. Ke2 Kf4 48. Nc1 Kg3 49. Nd3 Kxh3 50. Ne5 b4 51. Nf7 Kg3 52. Nxh6 b3 53. Kd3 Kxf3 54.
Kc3 Kxe4 55. Kxb3 Bc7 56. Kc2 Bf4 57. Kd1 Kf3 58. Nf7 e5 59. Nd6 e4 60. Nb5 Be5 0-1

[Event "*** Biggest EVER Titled Tuesday"]
[Site "Chess.com"]
[Date "2018.04.17"]
[Round "6"]
[White "Imre91"]
[Black "AkshatChandra"]
[Result "0-1"]
[WhiteElo "2697"]
[BlackElo "2804"]
[TimeControl "180+2"]
[EndTime "14:24:33 PDT"]
[Termination "AkshatChandra won on time"]

1. d4 Nf6 2. Bg5 d5 3. Nf3 c6 4. Nbd2 Bf5 5. e3 Nbd7 6. Be2 h6 7. Bh4 e6 8. O-O Be7 9. c4 O-O 10. Qb3 Qb6 11. c5 Qc7 12. Bg3 Qc8 13. Rfc1 Nh5 14. Bd6 Bxd6 15. cxd6 Nhf6 16. Ne5 Rd8 17. a4 Qb8 18. a5 a6 19. Ra4 Qxd6 20. Rb4 Nxe5 21. dxe5 Qxe5 22. Rxb7 Ne4 23. Nf3 Qf6 24. Rxc6 Bg4 25.
Qc2 Ng5 26. Nxg5 Qxg5 27. Bxg4 Qxg4 28. Rcc7 Rf8 29. b4 d4 30. h3 Qh4 31. Qg6 dxe3 32. Rxf7 exf2+ 33. Kh2 f1=N+ 34. Rxf1 Qd4 35. Qxe6+ Kh8 36.
Rxf8+ Rxf8 37. Rf7 Rxf7 38. Qe8+ Kh7 39. Qxf7 Qxb4 40. Qf5+ Kh8 41. Qc8+ Kh7 42. Qf5+ Kh8 43. Qc8+ Kh7 44. Qxa6 Qf4+ 45. Kg1 Qc1+ 46. Kf2 Qd2+ 47.
Kf3 Qc3+ 48. Ke4 Qc2+ 49. Kd4 Qxg2 0-1

[Event "*** Biggest EVER Titled Tuesday"]
[Site "Chess.com"]
[Date "2018.04.17"]
[Round "6"]
[White "lupta_robin"]
[Black "TastyFrenchFries"]
[Result "0-1"]
[WhiteElo "2431"]
[BlackElo "2339"]
[TimeControl "180+2"]
[EndTime "14:24:38 PDT"]
[Termination "TastyFrenchFries won by resignation"]

1. e4 e6 2. d4 d5 3. Nc3 Bb4 4. e5 c5 5. a3 Bxc3+ 6. bxc3 Ne7 7. Qg4 Qc7 8. Bd3 c4 9. Be2 Nf5 10. Nf3 Nc6 11. Nh4 Nce7 12. Nxf5 Nxf5 13. Qf4 Qa5 14. Bd2 Qa4 15. Ra2 Bd7 16. g4 Ne7 17. h4 Ng6 18.
Qg3 h6 19. h5 Ne7 20. f3 O-O-O 21. Be3 b6 22. Kd2 Kb7 23. f4 f5 24. g5 Rdg8 25.
Qh4 Nc6 26. Raa1 Re8 27. Rhg1 Re7 28. gxh6 Rxh6 29. Rg6 Rh7 30. h6 Rxh6 31. Rxh6 gxh6 32. Qxh6 Qb5 33. Kc1 Na5 34. a4 Qc6 35. Kd2 Qc8 36. Bf2 Qg8 37. Rg1 Qf7 38. Bh4 Qh7 39. Qg5 Re8 40. Qg7 Qxg7 41. Rxg7 Kc6 42. Bf6 Rc8 43. Bh5 Be8 44. Rg8 Bd7 45. Rg7 Be8 46. Bxe8+ Rxe8 47. Rxa7 Nb7 48. Kc1 Kc7 49. Kb2 Kb8 50.
Ra6 Kc7 51. Ka3 Rg8 52. Bg5 Re8 53. Kb4 Kc6 54. Ra7 Rh8 55. a5 bxa5+ 56. Ka4 Kb6 57.
Rxb7+ Kxb7 58. Kxa5 Kc6 59. Kb4 Rb8+ 60. Ka3 Rb1 61.
Ka2 Re1 62. Ka3 Kd7 63. Kb4 Ke8 64. Kc5 Kf7 65. Kb4 Re2 66. Kc5 Rxc2 67. Kb4 Rb2+ 68. Kc5 Rb3 0-1

[Event "*** Biggest EVER Titled Tuesday"]
[Site "Chess.com"]
[Date "2018.04.17"]
[Round "6"]
[White "OK97"]
[Black "djamir"]
[Result "1/2-1/2"]
[WhiteElo "2580"]
[BlackElo "2634"]
[TimeControl "180+2"]
[EndTime "14:24:41 PDT"]
[Termination "Game drawn by agreement"]

1. Nf3 Nf6 2. c4 g6 3. Nc3 d5 4. cxd5 Nxd5 5. h4 h5 6. e4 Nxc3 7. dxc3 Qxd1+ 8. Kxd1 Bg4 9. Kc2 Bxf3 10. gxf3 Bh6 11.
f4 Nd7 12. Bh3 Nc5 13. f3 Rd8 14. Be3 Ne6 15. Bxe6 fxe6 16. Rhg1 Kf7 17. Rae1 Rhg8 18. f5 Bxe3 19. fxe6+ Kxe6 20. Rxe3 Rdf8 21. Kd3 Rf4 22. Rh1 Rd8+ 23. Ke2 Kf6 24. a4 e5 25. b4 Rd6 26.
a5 a6 27. Rh3 b6 28. axb6 cxb6 29. Rd3 Rc6 30. Kf2 a5 31. bxa5 bxa5 32. Kg3 g5 33. hxg5+ Kxg5 34. Rh1 h4+ 35. Kh3 Rcf6 36. Kg2 Kh5 37. Rd5 Rxf3 38. Rxe5+ Kg4 39. Ra1 Rxc3 40.
Re8 Rc2+ 41. Kg1 Rff2 42. Rg8+ Kh5 43. Rxa5+ Kh6 44. Rg4 Rh2 45. Rf5 h3 46. Rg3 Rcg2+ 47. Rxg2 Rxg2+ 48. Kh1 Re2 49. Rf3 Rxe4 50. Rxh3+ Kg5 51.
Rg3+ Kh4 52. Kh2 Re2+ 53. Rg2 Re3 54. Rf2 Re4 55. Rg2 Rd4 56. Rf2 Re4 1/2-1/2

[Event "*** Biggest EVER Titled Tuesday"]
[Site "Chess.com"]
[Date "2018.04.17"]
[Round "6"]
[White "sandager"]
[Black "leclash"]
[Result "0-1"]
[WhiteElo "1932"]
[BlackElo "2329"]
[TimeControl "180+2"]
[EndTime "14:24:41 PDT"]
[Termination "leclash won by resignation"]

1. e4 e5 2. Nf3 Nc6 3. Bb5 d6 4. O-O Bd7 5. d4 Nf6 6. Nc3 Be7 7. Re1 exd4 8. Nxd4 O-O 9. h3 Re8 10. Bf4 Nxd4 11.
Qxd4 Bxb5 12. Nxb5 Nd7 13. Rad1 Bf6 14. Qb4 Ne5 15. Qb3 a5 16. Nd4 Ng6 17. Bg3 a4 18.
Qd3 Ne5 19. Qe2 g6 20. c3 Qe7 21. f4 Nc6 22. Nxc6 bxc6 23. e5 Bg7 24. Qf3 dxe5 25. fxe5 Qe6 26. a3 Ra5 27. Rd4 Bxe5 28. Bxe5 Rxe5 29.
Rxe5 Qxe5 30. Rxa4 Re6 31. Rf4 f5 32. Rd4 c5 33. Rd8+ Kg7 34. Qa8 Qe1+ 35. Kh2 Qe5+ 36. Kg1 Qg3 37. Rg8+ Kh6 38. Qf8+ Kh5 39. Qxf5+ gxf5 40. Rxg3 Re2 41. Rf3 Kg5 42. b4 c4 43. a4 Ra2 44. a5 f4 45. Kh2 Rc2 46. h4+ Kg4 47. h5 c6 48. h6 Ra2 49. Rh3 Ra3 50. Rf3 Kg5 51. Kh3 Ra1 52. Kh2 Kg4 53. Rh3 Ra3 54.
Rf3 Ra1 55. Rh3 Ra3 56. Kg1 c5 57. Kf2 cxb4 58. cxb4 c3 59. a6 c2 60. Rxa3 c1=Q 61. a7 Qxa3 62. b5 Qxa7+ 63. b6 Qxb6+ 0-1

[Event "*** Biggest EVER Titled Tuesday"]
[Site "Chess.com"]
[Date "2018.04.17"]
[Round "6"]
[White "muran29"]
[Black "Bauxi435"]
[Result "0-1"]
[WhiteElo "2332"]
[BlackElo "2434"]
[TimeControl "180+2"]
[EndTime "14:24:46 PDT"]
[Termination "Bauxi435 won by checkmate"]

1. d4 Nf6 2. Bg5 Ne4 3. Bh4 c5 4. f3 Nf6 5. Bxf6 gxf6 6. d5 f5 7. c4 d6 8. Nc3 e6 9. e3 Bh6 10. Kf2 a6 11. Bd3 e5 12. Nge2 Rg8 13. g3 Qf6 14. f4 e4 15. Bc2 Bf8 16. a4 h5 17. Rb1 a5 18. Nb5 Kd8 19. Nec3 Na6 20.
Qxh5 Nb4 21. Qe2 Be7 22. Rbd1 Bd7 23. Bb1 Be8 24. Rhg1 Qh6 25. Rg2 f6 26. Qd2 Bh5 27. Kg1 Bxd1 28. Qxd1 Kd7 29. Qe2 Rh8 30. Bxe4 fxe4 31.
Qg4+ Kd8 32. Nxe4 Qh5 33. Qxh5 Rxh5 34. g4 Rh3 35. g5 fxg5 36. fxg5 Kd7 37. g6 Rg8 38.
Kf2 Rh6 39. g7 Rh7 40. Nbxd6 Rhxg7 41. Rxg7 Rxg7 42. Nf5 Rf7 43. Ng3 Nd3+ 44. Ke2 Nxb2 45. e4 Nxc4 46. Kd3 Ne5+ 47. Ke3 Bg5+ 48. Kf2 Rh7 49.
Kg2 c4 50. Nd4 c3 51. Nc2 Kd6 52. Nf5+ Kc5 53. Kg3 Kc4 54. h4 Bd2 55. h5 Kd3 56. Nfd4 Kxe4 57. d6 Rxh5 58. Nb5 Rg5+ 59. Kf2 Rg6 60. Ke2 Kd5 61. Ne3+ Bxe3 62. Kxe3 c2 63. Kd2 Rg2+ 64. Kc1 Nd3# 0-1

[Event "*** Biggest EVER Titled Tuesday"]
[Site "Chess.com"]
[Date "2018.04.17"]
[Round "6"]
[White "Sebastian"]
[Black "Vahe_Dan1"]
[Result "0-1"]
[WhiteElo "2762"]
[BlackElo "2539"]
[TimeControl "180+2"]
[EndTime "14:24:47 PDT"]
[Termination "Vahe_Dan1 won by resignation"]

1. d4 Nf6 2. c4 c5 3. d5 b5 4.
Nf3 e6 5. Bg5 h6 6. Bxf6 Qxf6 7.
Nc3 b4 8. Nb5 Na6 9. e4 Qxb2 10.
Bd3 g5 11. O-O Bg7 12. Rb1 Qf6 13. e5 Qe7 14. Nd6+ Kf8 15. Re1 g4 16. Nd2 h5 17.
Nxc8 Rxc8 18. Qa4 Nb8 19. Qxa7 d6 20. Qxe7+ Kxe7 21. exd6+ Kxd6 22. dxe6 fxe6 23. Ne4+ Ke7 24. Ng5 Rc6 25. a3 Nd7 26. axb4 cxb4 27. Be4 Rd6 28. Bd5 Nc5 29. Ne4 Nxe4 30. Rxe4 Kf6 31. Bb7 Rb6 32.
Rf4+ Ke7 33. c5 Rxb7 34. Rfxb4 Rxb4 35. Rxb4 Rc8 36. Rc4 Kf6 37. h3 gxh3 38. g3 Bf8 39. c6 Be7 40. Kh2 Ke5 41. Kxh3 Kd5 42. Rf4 Rxc6 43.
Rf7 Kd6 44. Rh7 Rc5 45. Rh6 Rf5 46. Kg2 Kd7 47. Rh7 Ke8 48. Rh6 Kd7 49. Rh7 Kd6 50.
Rh6 Bf6 51. Rh7 Ke5 52. Rh6 Kd6 53. Rh7 Bd4 54. f4 Rb5 55. Kh3 Bc3 56. Rh6 Be1 57.
Rg6 Ke7 58. Kh4 Kf7 59. Rh6 Rb3 60. Kxh5 Rxg3 61. Rh7+ Kf6 62. Rh8 Rh3+ 0-1

[Event "*** Biggest EVER Titled Tuesday"]
[Site "Chess.com"]
[Date "2018.04.17"]
[Round "6"]
[White "BjarkeSahl"]
[Black "IMVoja"]
[Result "1-0"]
[WhiteElo "2214"]
[BlackElo "2309"]
[TimeControl "180+2"]
[EndTime "14:24:47 PDT"]
[Termination "BjarkeSahl won by resignation"]

1. d4 Nf6 2. Bg5 Ne4 3. Bf4 c5 4. f3 Qa5+ 5. Nd2 Nxd2 6. Bxd2 Qb6 7. Bc3 e6 8. d5 d6 9. e4 e5 10. Qd2 Be7 11. O-O-O Qc7 12. Bb5+ Nd7 13. f4 Bf6 14. Nf3 O-O 15. Bxd7 Bxd7 16. fxe5 dxe5 17. d6 Qd8 18. Bxe5 Be6 19. Bxf6 Qxf6 20. e5 Qg6 21. a3 h6 22. Rhe1 b5 23. Re2 a5 24. Qe3 c4 25. h3 b4 26. Nd4 bxa3 27. Qxa3 Rfb8 28. Nc6 Qg5+ 29. Qe3 Rb6 30. Qxg5 hxg5 31. Nd4 Bd7 32.
Re3 Rab8 33. Rc3 Rb4 34. Kd2 g6 35. Ra1 a4 36. Ra2 g4 37. hxg4 Bxg4 38. Nc6 Rxb2 39. Rxa4 R8b5 40. Raxc4 Rd5+ 41. Rd4 Rxd4+ 42. Nxd4 Rb4 43.
Ke3 Rb8 44. Rc7 Re8 45. Kf4 Bd1 46. c4 Ba4 47. c5 Rb8 48. Nc6 Bxc6 49. Rxc6 Rb4+ 50.
Ke3 Rb3+ 51. Kd4 Rb2 52. Rc8+ Kg7 53. c6 Rxg2 54. c7 Rd2+ 55. Kc5 g5 56. Rg8+ Kxg8 57.
c8=Q+ Kg7 58. Qd8 Kg6 59. Qf6+ Kh5 60. Qxf7+ Kh4 61. e6 g4 62. e7 Rc2+ 63. Kd5 Rd2+ 64. Kc6 Rc2+ 65. Kd7 Rg2 66. Qh7+ Kg3 67. e8=Q Rf2 68.
Qe5+ Kg2 69. Qhh2+ Kf1 70. Qa1+ Ke2 71. Qb2+ Kd1 72. Qhxf2 g3 73. Qg2 Ke1 74. Kc6 1-0

[Event "*** Biggest EVER Titled Tuesday"]
[Site "Chess.com"]
[Date "2018.04.17"]
[Round "6"]
[White "bugsbunny444"]
[Black "Thee-Chessboy"]
[Result "1-0"]
[WhiteElo "2421"]
[BlackElo "2306"]
[TimeControl "180+2"]
[EndTime "14:24:47 PDT"]
[Termination "bugsbunny444 won by resignation"]

1. Nf3 Nf6 2. c4 g6 3. b4 Bg7 4. Bb2 O-O 5. g3 d5 6. cxd5 Nxd5 7. Bxg7 Kxg7 8. Qb3 f6 9. Bg2 e5 10. d3 Be6 11. Qb2 Qd6 12. a3 Nd7 13. Nbd2 c6 14. O-O Qe7 15. d4 exd4 16. Nxd4 Bg8 17. N2b3 Ne5 18. Na5 Rac8 19. Rac1 Rfd8 20. Rfd1 Nb6 21. Qa1 Nec4 22. e3 a6 23. Nxc4 Nxc4 24. Qc3 Rd6 25. Bf1 Ne5 26. Be2 Rcd8 27. Nf3 Rxd1+ 28. Rxd1 Rxd1+ 29. Bxd1 Nxf3+ 30. Bxf3 Qd6 31. Kf1 Bf7 32. h4 Qe6 33.
Kg2 Qa2 34. Be4 Qe6 35. Bf3 Qa2 36. Be4 Qe2 37. Bf3 Qb5 38. g4 a5 39. g5 Qf5 40.
bxa5 Be6 41. Qxf6+ Qxf6 42. gxf6+ Kxf6 43. a6 bxa6 44. Bxc6 a5 45. f4 Ke7 46. Kf3 Kd6 47. Be4 Kc5 48.
h5 gxh5 49. Bxh7 Kc4 50. f5 Bf7 51. Bg6 Bg8 52. Bxh5 Kb3 53. f6 Kxa3 54. f7 Bxf7 55. Bxf7 Kb4 56. e4 a4 57. e5 Kc5 58. Kf4 a3 59. Ba2 Kc6 60. Kf5 Kd7 61. Kf6 Ke8 62.
Ke6 Kd8 63. Kf7 1-0

[Event "*** Biggest EVER Titled Tuesday"]
[Site "Chess.com"]
[Date "2018.04.17"]
[Round "6"]
[White "Orest_Vovk"]
[Black "patzerplay"]
[Result "0-1"]
[WhiteElo "2241"]
[BlackElo "2310"]
[TimeControl "180+2"]
[EndTime "14:24:50 PDT"]
[Termination "patzerplay won by resignation"]

1. g4 d6 2. h3 c6 3. Bg2 Qc7 4. c4 e5 5. Nc3 h5 6. g5 Ne7 7.
d3 Ng6 8. Nf3 Na6 9. a3 Nc5 10.
b4 Ne6 11. e3 Be7 12. h4 a5 13. Bb2 O-O 14. Nd2 axb4 15. axb4 Rxa1 16. Bxa1 Qb6 17. Qxh5 Qxb4 18. Qd1 Nc5 19. Ke2 Bf5 20. Nce4 Qa3 21.
Nxc5 dxc5 22. Be4 Bxe4 23. Nxe4 Ra8 24. Bc3 Qa2+ 25. Bd2 b5 26. h5 Nf8 27. Qb1 b4 28. h6 Qxb1 29. Rxb1 Ra2 30. hxg7 Kxg7 31. f4 Ne6 32. fxe5 Nxg5 33. Rg1 Kh6 34. Nf2 Rxd2+ 35. Kxd2 Nf3+ 36. Kc2 Nxg1 37. d4 Kg6 38. d5 cxd5 39. cxd5 Kf5 40. d6 Bd8 41. Nd3 Nf3 42. Nxc5 Nxe5 43. Kb3 Nc6 44. Kc4 Ke5 45. d7 Kd6 46. e4 Kc7 47. Kd5 Be7 48. Nb3 Kxd7 49. e5 Nd8 50.
Nd4 Ne6 51. Nb3 Nf4+ 52. Ke4 Ne6 53. Kd5 Nc7+ 54. Ke4 Nb5 55. Kf5 Nc3 56. Nd4 Nd5 57.
Ke4 Nc7 58. Kf5 Ne6 59. Nb3 Kc6 60. Nd2 Kd5 61. Ne4 Nd4+ 62. Kf4 Ne6+ 63. Kf5 Nc5 64. Nd2 Nd7 65. Nf1 Nxe5 66. Ne3+ Kd4 67. Nc2+ Kc3 68. Nxb4 Bxb4 69. Kxe5 Be7 0-1

[Event "*** Biggest EVER Titled Tuesday"]
[Site "Chess.com"]
[Date "2018.04.17"]
[Round "6"]
[White "OparinGrigoriy"]
[Black "Alexander_Moskalenko"]
[Result "1-0"]
[WhiteElo "2869"]
[BlackElo "2724"]
[TimeControl "180+2"]
[EndTime "14:24:54 PDT"]
[Termination "OparinGrigoriy won by resignation"]

1. e4 e6 2. d4 d5 3. Nc3 Nf6 4. Bg5 h6 5. Bxf6 Qxf6 6. exd5 Bb4 7. dxe6 O-O 8. Bd3 Bxe6 9. Ne2 c5 10. O-O cxd4 11.
Nxd4 Bxc3 12. bxc3 Nd7 13. Re1 Nc5 14. a4 Rac8 15. Re3 Rfd8 16. a5 Nxd3 17. Rxd3 Bc4 18.
Rf3 Qg6 19. Rg3 Qf6 20. h3 Re8 21. Qg4 Rc5 22. Rf3 Qg6 23. Qd7 Rce5 24. Rg3 Qf6 25.
Nf3 R5e7 26. Qd4 Qxd4 27. cxd4 f6 28. Nd2 Ba6 29. Nb3 Bc4 30. Rc3 Bd5 31. Rc5 Bf7 32. d5 Rd7 33. c4 Re4 34. Rc1 Kh7 35. Nd2 Re2 36. Nf1 Rb2 37. Ne3 b6 38. axb6 axb6 39.
Rc8 Rb4 40. Ra1 b5 41. c5 Bxd5 42. c6 Bxc6 43. Rxc6 Rb7 44. Raa6 Rd4 45. Rab6 Rdd7 46. g4 b4 47. Nc4 b3 48. Na5 Ra7 49. Nxb3 Rd3 50. Kg2 Ra3 51. Nc5 Rxh3 52. Rc7 Rh4 53. f3 h5 54. Rbb7 Kh6 55. Rxg7 hxg4 56. Rh7+ Kg5 57. Rbg7+ Kf4 58. Rxh4 Ra2+ 59. Kg1 f5 60. fxg4 Kg3 61. gxf5+ Kxh4 62. f6 Ra8 63. f7 Ra7 64. Ne6 1-0

[Event "*** Biggest EVER Titled Tuesday"]
[Site "Chess.com"]
[Date "2018.04.17"]
[Round "6"]
[White "VeraNebolsina"]
[Black "Princec7"]
[Result "1-0"]
[WhiteElo "2480"]
[BlackElo "2387"]
[TimeControl "180+2"]
[EndTime "14:24:56 PDT"]
[Termination "VeraNebolsina won by resignation"]

1. e4 c5 2. c3 Nf6 3. e5 Nd5 4. Nf3 e6 5. g3 Nc6 6. Bg2 d6 7.
exd6 Bxd6 8. O-O O-O 9. d4 cxd4 10. Nxd4 Be7 11. Nxc6 bxc6 12. c4 Nb4 13. Bd2 Rb8 14. Nc3 Bb7 15. Bf4 Rc8 16. Be3 Nd3 17. Be4 Nb4 18. a3 Na6 19. b4 f5 20. Bg2 Bf6 21.
Rc1 Qe7 22. c5 Nc7 23. Qe2 Nd5 24. Bd2 e5 25. Nxd5 cxd5 26. c6 Bxc6 27. Rxc6 Rxc6 28. Bxd5+ Re6 29. Qc4 Re8 30. Be3 Kh8 31. Bxe6 Qxe6 32.
Qxe6 Rxe6 33. Bxa7 Ra6 34. Bc5 Rxa3 35. b5 Rb3 36. b6 Rb5 37. Ra1 h5 38. Ra8+ Kh7 39. Rc8 h4 40. Kg2 Rb3 41. Rc7 Kg6 42. b7 e4 43. Ba7 Be5 44. b8=Q Rxb8 45. Bxb8 Bxc7 46. Bxc7 hxg3 47. Kxg3 Kf6 48. Bd8+ Ke5 49. Bg5 g6 50. h3 Kd5 51. Kf4 Ke6 52. Bh6 Ke7 53. Kg5 Kf7 54. Kf4 Kf6 55. Bg5+ Ke6 56. Bd8 Kf7 57. Kg5 Kg7 58.
Bf6+ Kf7 59. Bd4 Ke6 60. Kxg6 f4 61. h4 Kd5 62. Ba7 Kc4 63. Kg5 e3 64. fxe3 f3 65. e4 Kb5 66. h5 Ka6 67. Bf2 1-0

[Event "*** Biggest EVER Titled Tuesday"]
[Site "Chess.com"]
[Date "2018.04.17"]
[Round "6"]
[White "Raffael89"]
[Black "nailbeshirli"]
[Result "0-1"]
[WhiteElo "2136"]
[BlackElo "2315"]
[TimeControl "180+2"]
[EndTime "14:25:00 PDT"]
[Termination "nailbeshirli won by resignation"]

1. e4 c5 2. Nc3 d6 3. f4 Nc6 4. Nf3 g6 5. Bb5 Bd7 6. Bxc6 Bxc6 7. d3 Bg7 8. O-O Nf6 9. Qe1 Qd7 10. a4 h6 11. Bd2 a6 12. a5 O-O 13. f5 g5 14. Qg3 Nh5 15. Qg4 Nf6 16. Qg3 Nh7 17.
h4 f6 18. Rae1 Rf7 19. Nh2 Re8 20. Nd5 e6 21. fxe6 Qxe6 22. Ne3 Qe5 23. Qxe5 Rxe5 24. Nhg4 Re6 25. Nf5 Rf8 26. Bc3 Bd7 27. Ngxh6+ Kh8 28. hxg5 Nxg5 29. Ng4 d5 30. Bd2 dxe4 31. Bxg5 fxg5 32. dxe4 Bxb2 33. Kf2 Kg8 34. Kg3 Bc6 35. e5 Rd8 36.
Nf6+ Kf7 37. Rh1 Bxe5+ 38. Kg4 Rxf6 39. Rxe5 Rd4+ 40. Kxg5 Rg6+ 41. Kh5 Rxg2 42. Nh6+ Kf6 43. Rf5+ Ke6 44. Re1+ Kd6 45. Rf6+ Kd5 46. Rf5+ Kc4 47.
Rg5 Bf3+ 48. Kg6 Rd6+ 49. Kf5 Rxg5+ 50. Kxg5 Bc6 51. Re2 Kc3 52. Nf5 Rd2 53. Re5 c4 54. Rc5 Rxc2 55. Nd6 Kb4 56. Re5 c3 57. Nf5 Rg2+ 58. Kf6 c2 59. Nd4 c1=Q 60. Nxc6+ Qxc6+ 61. Re6 Rf2+ 62. Ke7 Qc7+ 0-1